 Seeded DCSS version 0.31-a0-1447-g87ca8d402b (webtiles) character file.

Game seed: 20231227 (custom seed)

666 Sonofthefire the Ruffian (level 7, -4/47 HPs)
             Began as an Octopode Shapeshifter on Dec 27, 2023.
             Slain by an acid dragon (5 damage)
             ... on level 6 of the Dungeon.
             The game lasted 00:03:27 (2388 turns).

Sonofthefire the Ruffian (Octopode Shapeshifter)    Turns: 2388, Time: 00:03:27

Health: -4/47      AC:  1    Str: 15    XL:     7   Next: 57%
Magic:  7/7        EV: 15    Int: 18    God:
Gold:   217        SH:  0    Dex: 16    Spells: 6/6 levels left

rFire   . . .        k - +6 spear of Destiny {flame, Dex+4}
rCold   . . .        (no shield)
rNeg    . . .        (helmet currently unavailable)
rPois   .            o - amulet of the acrobat
rElec   .            v - +6 ring of intelligence
rCorr   .            (no ring)
SInv    .            (no ring)
Will    .....        (no ring)
Stlth   ++           (no ring)
HPRegen 0.27/turn    (no ring)
MPRegen 0.10/turn    (no ring)
                     (no ring)

%: acrobat
@: beast-form
A: beast (slay +2), almost no armour, amphibious, 8 rings, camouflage 1,
gelatinous body 1, (nimble swimmer 1), tentacles
a: Begin Untransformation


You were on level 6 of the Dungeon.
You were a hulking beast.
You visited 1 branch of the dungeon, and saw 6 of its levels.

You collected 217 gold pieces.

Inventory:

Hand Weapons
 k - the +6 spear of Destiny (weapon) {flame, Dex+4}
   (You found it on level 2 of the Dungeon)

   Dex+4:     It affects your dexterity (+4).
Jewellery
 o - an amulet of the acrobat (around mantle)
 v - a +6 ring of intelligence (left tentacle)
Talismans
 b - a beast talisman
 c - a flux talisman
Wands
 l - a wand of roots (9)
 p - a wand of flame (4)
Scrolls
 d - a scroll of identify {unknown}
 f - 2 scrolls of amnesia {unknown}
 g - 3 scrolls of teleportation {unknown}
 h - a scroll of blinking {unknown}
 j - 2 scrolls of poison {unknown}
 n - 2 scrolls of revelation {unknown}
 q - 2 scrolls of enchant weapon {unknown}
 r - a scroll of immolation {unknown}
 s - a scroll of noise {unknown}
 u - a scroll of silence {unknown}
Potions
 a - a potion of lignification
 e - 6 potions of curing {unknown}
 i - a potion of ambrosia {unknown}
 m - 3 potions of attraction {unknown}
 t - a potion of enlightenment {unknown}


   Skills:
 + Level 3.9 Fighting
 + Level 4.4 Dodging
 + Level 5.0 Unarmed Combat
 + Level 4.7 Shapeshifting


You had 6 spell levels left.
You didn't know any spells.
Your spell library contained the following spells:

 Spells                   Type           Power      Damage    Failure   Level
 Shock                    Conj/Air       0%         1d3       22%         1
 Cigotuvi's Dreadful Rot  Necr/Alch/Air  0%         N/A       32%         2
 Swiftness                Air            0%         N/A       54%         3
 Bombard                  Conj/Erth      0%         9d1       100%        6
 Maxwell's Capacitive Co  Air            0%         ∞         100%        8


Dungeon Overview and Level Annotations

Branches:
Dungeon (6/15)
 Temple: D:4-7

Altars:

Shops:
D:2 ?(   D:4 *   D:6 =


Innate Abilities, Weirdness & Mutations

You are a hulking beast.
Your limbs bulge with bestial killing power. (Slay +2)
You cannot wear most types of armour.
You are amphibious.
You can wear up to eight rings at the same time.
Your skin changes colour to match your surroundings (Stealth+).
Your rubbery body absorbs attacks. (AC +1, EV +1)
((You are camouflaged when in or above water. (Stealth+)))
You have tentacles for arms and can constrict up to eight enemies at once.


Message History

You feel clever.
v - a +6 ring of intelligence (left tentacle)
There is an open door here.
There is a stone staircase leading down here.
You climb downwards.
You hear the hiss of flowing sand.
There is an entrance to an ossuary on this level.
Hurry and find it before the portal is buried!
Found 2 stones.
There is a stone staircase leading up here.
There is a stone staircase leading up here.
Found Offoizi's Jewellery Boutique.
An acid dragon comes into view.
An acid dragon is nearby!
An acid dragon is nearby!
An acid dragon is nearby!
The acid dragon spits acid at you. The splash of acid hits you!!!
Ouch! That really hurt!
* * * LOW HITPOINT WARNING * * *
You are too injured to fight recklessly!
You are too injured to fight recklessly!
You are too injured to fight recklessly!
You are too injured to fight recklessly!
You are too injured to fight recklessly!
You are too injured to fight recklessly!
You are too injured to fight recklessly!
You are too injured to fight recklessly!
You are too injured to fight recklessly!
You are too injured to fight recklessly!
You are too injured to fight recklessly!
You are too injured to fight recklessly!
You hit the acid dragon. You burn the acid dragon.
The acid dragon is lightly wounded.
The acid dragon closely misses you. The acid dragon misses you.
You hit the acid dragon but do no damage.
The acid dragon is lightly wounded.
The acid dragon bites you!
* * * LOW HITPOINT WARNING * * *
The acid dragon claws you.
You die...

#..#....##
#..##.(<.##
#..#.....#
#..#.....##
#.........#
##........#
#........##
#.........#
##h..........
#.D........###
#.....∩......#
...............#
..##.......#...#
. ##......#####
#......#
#......#


You could see an acid dragon.

Vanquished Creatures
  An ice beast (D:5)
  A black bear (D:5)
  An ogre (D:5)
  2 scorpions (D:5)
  An orc priest (D:5)
  3 orc wizards (D:5)
  5 adders
  4 gnolls (D:5)
  2 river rats (D:5)
  A white imp (D:5)
  2 dart slugs (D:1)
  7 orcs
  3 ball pythons
  8 endoplasms
  A giant cockroach (D:4)
  3 hobgoblins
  2 jackals (D:1)
  7 kobolds
  4 quokkas
  A bat (D:1)
  2 frilled lizards (D:1)
  6 goblins
  4 rats
71 creatures vanquished.

Notes
Turn   | Place    | Note
-------+----------+-------------------------------------------
     0 | D:1      | Sonofthefire the Octopode Shapeshifter began the quest for
                  | the Orb.
     0 | D:1      | Reached XP level 1. HP: 13/13 MP: 1/1
     4 | D:1      | Got the Papyrus of Conduction and the Rocks
     7 | D:1      | Noticed an anaconda
     7 | D:1      | Noticed a redback
     7 | D:1      | Noticed a black bear
     8 | D:1      | Noticed a wyvern
     8 | D:1      | Noticed a lindwurm
    81 | D:1      | Reached XP level 2. HP: 18/18 MP: 2/2
   421 | D:1      | Reached XP level 3. HP: 21/23 MP: 3/3
   757 | D:2      | Found Zonuy's Magic Scroll Shop.
   819 | D:2      | Found Icatris's Antique Weapon Shoppe.
  1044 | D:2      | Identified the +6 spear of Destiny {flame, Dex+4}
  1134 | D:2      | Found a faded altar of an unknown god.
  1443 | D:3      | Reached XP level 4. HP: 27/29 MP: 4/4
  1607 | D:4      | Found Puhi's Gadget Gallery.
  1695 | D:5      | Entered Level 5 of the Dungeon
  1697 | D:5      | Noticed a black bear
  1706 | D:5      | Killed a black bear
  1707 | D:5      | Reached skill level 4 in Unarmed Combat
  1707 | D:5      | Reached XP level 5. HP: 19/35 MP: 5/5
  1784 | D:5      | Noticed an ice beast
  1788 | D:5      | Killed an ice beast
  1789 | D:5      | Reached XP level 6. HP: 42/42 MP: 6/6
  1985 | D:5      | Reached XP level 7. HP: 26/46 MP: 7/7
  2245 | D:5      | Reached skill level 5 in Unarmed Combat
  2381 | D:6      | Found Offoizi's Jewellery Boutique.
  2388 | D:6      | HP: 1/47 [acid dragon (11)]
  2388 | D:6      | Slain by an acid dragon

Illustrated notes

Levels and vault maps discovered:
D:1:      onia_arrival_zoo_common, layout_loops_ring
D:2:      layout_loops_cross, dreamdust_ecumenical_altar_grove, serial_shops,
          nicolae_shop_statue_plus, nicolae_shop_just_a_little_nook,
          minmay_misc_feat_ornament
D:3:      layout_basic, mainiacjoe_overflow_tiny_flanked,
          pdpol_wu_jian_five_deadly_venoms, serial_corexii_hall,
          corexii_hall_statues_s, corexii_hall_statues_l
D:4:      layout_rooms, minmay_misc_feat_rows, nicolae_shop_gadgets,
          uniq_natasha
D:5:      wad_woods_tower, layout_basic
D:6:      layout_cave_pods, mainiacjoe_overflow_alcove_2, serial_shops, shop,
          mainiacjoe_ossuary_entry_dusty_tomb

Skill      XL: |  1  2  3  4  5  6  7 |
---------------+----------------------+-----
Fighting       | 2 3 |  3.9
Dodging        | 3 4 |  4.4
Unarmed Combat | 4 5 |  5.0
Shapeshifting  | 4 |  4.7

Action                     |  1- 3 |  4- 6 |  7- 9 || total
---------------------------+-------+-------+-------++-------
  Melee: Unarmed           |    61 |       |       ||    61
         Constrict         |    13 |     8 |     2 ||    23
         Tentacles         |    10 |     7 |     2 ||    19
         Spear             |    10 |    50 |    41 ||   101
         Punch             |       |     1 |     2 ||     3
    Use: Potion            |       |       |     1 ||     1
   Stab: Sleeping          |    10 |     5 |       ||    15
 Armour: Skin              |    27 |    16 |   100 ||   143
  Dodge: Dodged            |    30 |    24 |    14 ||    68

Table legend: (Time is in decaauts)
 A = Elapsed time spent in this place.
 B = Non-inter-level travel time spent in this place.
 C = Inter-level travel time spent in this place.
 D = Time resting spent in this place.
 E = Time spent auto-exploring this place.
 F = Levels seen in this place.
 G = Mean time per level.
                   A        B        C        D        E       F      G
               +--------+--------+--------+--------+--------+-----+--------+
         Total |   2393 |   2280 |    113 |    384 |   1447 |   6 |  398.8 |
       Dungeon |   2393 |   2280 |    113 |    384 |   1447 |   6 |  398.8 |
               +--------+--------+--------+--------+--------+-----+--------+

Top non-repeatable levels by time:
     D:1: 754 daAuts
     D:5: 685 daAuts
     D:2: 671 daAuts
     D:4: 211 daAuts
     D:3: 55 daAuts
     D:6: 14 daAuts
